 Dungeon Crawl Stone Soup version 0.19-a0-1224-g978f909 (webtiles) character file.

201 LORDOFBUTT the Covered (level 5, -1/70 HPs)
             Began as a Minotaur Fighter on Aug 24, 2016.
             Succumbed to an orc's poison
             ... on level 3 of the Dungeon.
             The game lasted 00:02:21 (1832 turns).

LORDOFBUTT the Covered (Minotaur Fighter)           Turns: 1832, Time: 00:02:21

Health: -1/70      AC:  9    Str: 25    XL:     5   Next: 50%
Magic:  4/4        EV:  9    Int:  5    God:
Gold:   122        SH: 10    Dex:  9    Spells: 0 memorised, 4 levels left

rFire  . . .     SeeInvis +     a - +0 war axe
rCold  . . .     Gourm    .     b - +2 scale mail
rNeg   . . .     Faith    .     c - +0 shield
rPois  .         Spirit   .     (helmet restricted)
rElec  .         Dismiss  .     (no cloak)
rCorr  .         Reflect  .     (no gloves)
MR     .....     Harm     .     (no boots)
Stlth  ..........               (no amulet)
                                e - -2 ring of dexterity (curse)
                                k - ring of see invisible

@: berserking (expiring), lethally poisoned (-1 -> -37), very quick
A: retaliatory headbutt, horns 2
a: no special abilities


You were on level 3 of the Dungeon.
You were not hungry.

You visited 1 branch of the dungeon, and saw 3 of its levels.

You collected 122 gold pieces.

Inventory:

Hand Weapons
 a - a +0 war axe (weapon)
Armour
 b - a +2 scale mail (worn)
 c - a +0 shield (worn)
Jewellery
 e - a cursed -2 ring of dexterity (right hand)
 k - a ring of see invisible (left hand)
 t - an uncursed amulet of inaccuracy
Scrolls
 l - 2 scrolls of amnesia
 o - a scroll of random uselessness {unknown}
 p - a scroll of enchant weapon {unknown}
 q - a scroll of magic mapping {unknown}
 r - a scroll of blinking {unknown}
 u - a scroll of identify {unknown}
Potions
 d - 2 potions of might
 i - a potion of curing {unknown}
 n - a potion of resistance {unknown}
 s - a potion of haste {unknown}
Comestibles
 f - 3 bread rations
 m - a meat ration


   Skills:
 + Level 4.5 Fighting
 + Level 3.8 Axes
 + Level 4.8 Armour
 + Level 2.3 Dodging
 + Level 4.6 Shields


You had 4 spell levels left.
You didn't know any spells.

Dungeon Overview and Level Annotations

Branches:
Dungeon (3/15)

Altars:


Innate Abilities, Weirdness & Mutations

You reflexively headbutt those who attack you in melee.
You have a pair of horns on your head.


Message History

You barely miss the orc.
* * * LOW HITPOINT WARNING * * *
You feel very sick. You block the orc wizard's attack.
The orc hits you with a hand axe.
* * * LOW HITPOINT WARNING * * *
The orc barely misses you.
You barely miss the orc wizard.
The orc wizard is heavily wounded.
You slash the orc!
You kill the orc!
* * * LOW HITPOINT WARNING * * *
You feel sick.
The orc wizard points at you and mumbles some strange words.
The magic dart hits you! You block the orc wizard's attack.
The orc hits you from afar with a trident of venom!
* * * LOW HITPOINT WARNING * * *
You are more poisoned.
You slash the orc wizard!
You kill the orc wizard!
You die...

#.... ... ........##
#.#. ...###.
.######.# ..#.
....... ######.#
....... ## #......#
....... .# #.######
.......###.# #.#
.......#...# #)#
..#...))...# #.###
..<..o[@...+ #.))#
..#...#)...#######)#
+.. #...###......#
## +#.......######
...........#
........###.#
............#
............#
#####+####.##


You could see an orc.

Vanquished Creatures
  An orc priest (D:3)
  2 orc wizards (D:3)
  5 adders
  2 worms
  A dart slug (D:2)
  2 giant geckos
  13 orcs (D:3)
  2 giant cockroaches
  5 goblins
  4 hobgoblins
  3 kobolds
  A quokka (D:2)
  2 ball pythons
  6 bats
  2 giant newts (D:1)
  3 rats
54 creatures vanquished.

Notes
Turn   | Place    | Note
-------+----------+-------------------------------------------
     0 | D:1      | LORDOFBUTT the Minotaur Fighter began the quest for the Orb.
     0 | D:1      | Reached XP level 1. HP: 19/19 MP: 0/0
   303 | D:1      | Reached XP level 2. HP: 25/27 MP: 1/1
  1064 | D:2      | Reached XP level 3. HP: 29/33 MP: 2/2
  1465 | D:2      | Reached skill level 1 in Dodging
  1497 | D:2      | Reached XP level 4. HP: 24/40 MP: 3/3
  1797 | D:3      | Reached XP level 5. HP: 24/46 MP: 4/4
  1831 | D:3      | HP: 2/70 [orc/trident of venom (7)]
  1832 | D:3      | Succumbed to an orc's poison

Vault maps used:
D:1:      lightli_arrival_lavapool, grunt_decor_mini_mirrors
D:2:      corexii_corridor_pit, corner_web_ring
D:3:      portal_sewer_entry_e, uniq_grinder

Skill      XL: |  1  2  3  4 |
---------------+-------------+-----
Fighting       | 4 |  4.5
Shields        | 4 |  4.6
Armour         | 4 |  4.8
Dodging        | 1 2 |  2.3
Axes           | 3 |  3.8

Action                   |  1- 3 |  4- 6 || total
-------------------------+-------+-------++-------
Melee: War axe           |    94 |    51 ||   145
       Headbutt          |    11 |     5 ||    16
  Use: Scroll            |     5 |       ||     5
       Potion            |       |     4 ||     4
  Eat: Pizza             |     1 |       ||     1
       Bread ration      |       |     1 ||     1
Armor: Scale mail        |    64 |    34 ||    98
Dodge: Dodged            |    25 |    30 ||    55
Block: Shield            |    47 |    26 ||    73
